 Dungeon Crawl Stone Soup version 0.31-a0-1616-gbeaec30b81 (webtiles) character file.

Game seed: 797437524470312134

2 jpg7707 the Conjurer (level 1, -1/12 HPs)
             Began as a Gargoyle Reaver on Jan 10, 2024.
             Slain by a ball python (3 damage)
             ... on level 1 of the Dungeon.
             The game lasted 00:00:59 (92 turns).

jpg7707 the Conjurer (Gargoyle Reaver)                Turns: 92, Time: 00:01:00

Health: -1/12      AC:  6    Str: 15    XL:     1   Next: 40%
Magic:  3/3        EV: 11    Int: 13    God:
Gold:   0          SH:  0    Dex:  8    Spells: 3/4 levels left

rFire   . . .        a - +0 mace
rCold   . . .        (no shield)
rNeg    + . .        b - +0 leather armour
rPois   ∞            (no helmet)
rElec   +            (no cloak)
rCorr   .            c - +0 pair of gloves
SInv    .            (no boots)
Will    .....        (no amulet)
Stlth   +            (no ring)
HPRegen 0.22/turn    (no ring)
MPRegen 0.08/turn

%: no passive effects
@: no status effects
A: sickness immunity, AC +2, negative energy resistance 1, electricity
resistance, torment resistance 1, petrification resistance
a: no special abilities


You were on level 1 of the Dungeon.
You visited 1 branch of the dungeon, and saw 1 of its levels.

Inventory:

Hand Weapons
 a - a +0 mace (weapon)
Armour
 b - a +0 leather armour (worn)
 c - a +0 pair of gloves (worn)


   Skills:
 + Level 2.2 Fighting
 + Level 3.0 Maces & Flails
 + Level 1.5 Dodging
 + Level 2.1 Spellcasting
 + Level 3.3 Conjurations


You had 3 spell levels left.
You knew the following spells:

 Your Spells              Type           Power      Damage    Failure   Level
a - Kiss of Death         Conj/Necr      20%        2d7       16%         1

Your spell library contained the following spells:

 Spells                   Type           Power      Damage    Failure   Level
 Momentum Strike          Conj/Tloc      10%        3d8       24%         2
 Hailstorm                Conj/Ice       5%         3d5       43%         3


Dungeon Overview and Level Annotations

Branches:
Dungeon (1/15)

Altars:


Innate Abilities, Weirdness & Mutations

You are immune to sickness and miasma.
Your stone body is resilient. (AC +2)
You are immune to poison.
You resist negative energy. (rN+)
You are resistant to electric shocks. (rElec)
You are resistant to unholy torment.
You are immune to petrification.


Message History

You are frozen.
The giant cockroach completely misses you.
The rat bites you but does no damage.
The endoplasm hits you but does no damage.
You hit the giant cockroach.
You kill the giant cockroach!
The rat bites you but does no damage. The endoplasm freezes you.
You are frozen.
You completely miss the rat. The rat barely misses you.
The endoplasm hits you but does no damage.
You closely miss the rat. The rat bites you but does no damage.
The endoplasm hits you but does no damage.
The rat barely misses you. The rat closely misses you.
You barely miss the rat. The endoplasm freezes you.
You are frozen.
The rat barely misses you. The rat bites you but does no damage.
The endoplasm hits you but does no damage.
You hit the rat.
You kill the rat!
The rat barely misses you. The endoplasm closely misses you.
A ball python comes into view.
The ball python hisses angrily.
The rat bites you but does no damage. The endoplasm barely misses you.
You see here a rat corpse.
The rat barely misses you.
The endoplasm hits you but does no damage.
You closely miss the rat. The rat bites you but does no damage.
The endoplasm freezes you.
You are frozen.
You hit the rat.
You kill the rat!
The endoplasm freezes you.
You are frozen.
* * * LOW HITPOINT WARNING * * *
The endoplasm hits you but does no damage.
The ball python attacks as it pursues you!
The ball python bites you.
You die...

#.......#.# #.#
#.......#.# #.#
#...<...#.## #.#
#..........####.#
#...............# #
##.....#...##...####.##
#...#.##.###..........
##....##.#.......##.##
####......!†@J..#
####.#...S...#
#...#...### #.......#
#....#### #.... ......
...... .....


You could see an endoplasm and a ball python.

Vanquished Creatures
  A giant cockroach (D:1)
  2 rats (D:1)
3 creatures vanquished.

Notes
Turn   | Place    | Note
-------+----------+-------------------------------------------
     0 | D:1      | jpg7707 the Gargoyle Reaver began the quest for the Orb.
     0 | D:1      | Reached XP level 1. HP: 12/12 MP: 3/3
    92 | D:1      | Slain by a ball python

Illustrated notes

Levels and vault maps discovered:
D:1:      dpeg_arrival_orchard, layout_loops_ring

Action                     || total
---------------------------++-------
  Melee: Mace              ||    24
 Armour: Leather armour    ||    16
  Dodge: Dodged            ||    17

Table legend: (Time is in decaauts)
 A = Elapsed time spent in this place.
 B = Non-inter-level travel time spent in this place.
 C = Inter-level travel time spent in this place.
 D = Time resting spent in this place.
 E = Time spent auto-exploring this place.
 F = Levels seen in this place.
 G = Mean time per level.
                   A        B        C        D        E       F      G
               +--------+--------+--------+--------+--------+-----+--------+
         Total |     98 |     98 |      0 |      0 |      0 |   1 |   98.0 |
       Dungeon |     98 |     98 |      0 |      0 |      0 |   1 |   98.0 |
               +--------+--------+--------+--------+--------+-----+--------+

Top non-repeatable levels by time:
     D:1: 98 daAuts
